 Dungeon Crawl Stone Soup version 0.29.1-13-g9f3cf754e1 (webtiles) character file.

Game seed: 16012841214334454267

1022 xian the Shooter (level 8, 0/90 HPs)
             Began as a Demonspawn Hunter on Feb 10, 2023.
             Was a Follower of Fedhas.
             Slain by a wight
             ... wielding a +0 spear
              (4 damage)
             ... on level 7 of the Dungeon.
             The game lasted 00:09:18 (4257 turns).

xian the Shooter (Demonspawn Hunter)                Turns: 4257, Time: 00:09:19

Health: 0/90       AC: 24    Str: 13    XL:     8   Next: 2%
Magic:  17/17      EV:  2    Int: 11    God:    Fedhas [*.....]
Gold:   428        SH:  0    Dex: 17    Spells: 7/7 levels left

rFire   + . .      SeeInvis .   f - +0 short sword (venom)
rCold   x . .      Faith    .   (no shield)
rNeg    . . .      Spirit   .   (body armour currently unavailable)
rPois   +          Reflect  .   (helmet currently unavailable)
rElec   .          Harm     .   (cloak currently unavailable)
rCorr   .          Rampage  .   (gloves currently unavailable)
Will    .....      NoTele   +   (boots currently unavailable)
Stlth   ++........              G - amulet of the acrobat
HPRegen 1.25/turn               x - ring of magical power
MPRegen 0.15/turn               y - ring of fire

@: tree-form, hasted, very quick
A: stationary, stasis, torment immunity, boosted hp, powered by death 1, (sharp
scales 1), (weakness stinger 1)
a: Renounce Religion


You were on level 7 of the Dungeon.
You worshipped Fedhas.
Fedhas was aware of your devotion.
You were a tree.
You visited 1 branch of the dungeon, and saw 7 of its levels.

You collected 428 gold pieces.

Inventory:

Hand Weapons
 a - a +0 shortbow
 f - a +0 short sword of venom (weapon)
 s - a +2 sling of flaming
Armour
 e - a +0 ring mail (melded)
 A - a +0 plate armour
 F - a +0 cloak (melded)
 H - a +0 pair of gloves (melded)
Jewellery
 x - a ring of magical power (left branch)
 y - a ring of fire (right branch)
 G - an amulet of the acrobat (around neck)
Wands
 w - a wand of paralysis (12)
Scrolls
 b - a scroll of immolation
 c - 4 scrolls of noise
 g - 2 scrolls of enchant weapon {unknown}
 i - a scroll of amnesia {unknown}
 j - a scroll of summoning {unknown}
 l - a scroll of poison
 m - a scroll of brand weapon
 n - a scroll of silence
 p - 3 scrolls of fog
 q - a scroll of fear
 t - 2 scrolls of teleportation
 B - a scroll of blinking
 C - a scroll of enchant armour
 E - a scroll of identify
Potions
 d - a potion of lignification
 h - a potion of haste
 k - 2 potions of curing {unknown}
 o - a potion of flight
 r - 2 potions of cancellation
 u - a potion of mutation {unknown}
 v - a potion of brilliance {unknown}
 z - a potion of magic {unknown}
 D - a potion of attraction {unknown}
 I - a potion of heal wounds {unknown}
 J - a potion of resistance {unknown}


   Skills:
 + Level 3.7 Fighting
 + Level 7.7 Ranged Weapons
 + Level 3.5 Armour
 + Level 2.4 Dodging
 + Level 1.3 Stealth


You had 7 spell levels left.
You didn't know any spells.
Your spell library contained the following spells:

 Spells                   Type           Power      Damage    Failure   Level
 Necrotise                Necr           0%         1d4       34%         1
 Tukima's Dance           Hex            0%         N/A       71%         3
 Vampiric Draining        Necr           0%         2d6       71%         3
 Cause Fear               Hex            0%         N/A       98%         4
 Passage of Golubria      Tloc           0%         N/A       98%         4
 Agony                    Necr           0%         N/A       100%        5
 Yara's Violent Unravell  Hex/Tmut       0%         3d3       100%        5
 Dragon Form              Tmut           0%         N/A       100%        7
 Dragon's Call            Summ           0%         N/A       100%        9


Dungeon Overview and Level Annotations

Branches:
Dungeon (7/15)
 Temple: D:4-7

Altars:
Dithmenos
Fedhas
Kikubaaqudgha


Innate Abilities, Weirdness & Mutations

You are a tree.
Your roots penetrate the ground, keeping you stationary.
You cannot be teleported.
You are immune to unholy pain and torment.
Your maximum health is greatly increased.
Your equipment is partially melded.
You regenerate a little health from kills.
((You are partially covered in razor-sharp scales. (AC +1, Slay +1)))
((You have a small tail.))


Message History

* * * LOW HITPOINT WARNING * * *
You hit the kobold brigand.
The kobold brigand is moderately wounded.
You barely miss the kobold brigand.
The kobold brigand is moderately wounded.
The wight hits you but does no damage. The kobold hits you but does no damage.
The kobold brigand hits you with a +0 short sword.
* * * LOW HITPOINT WARNING * * *
The kobold completely misses you.
The kobold hits you but does no damage. x2
The kobold hits you with a +0 short sword.
* * * LOW HITPOINT WARNING * * *
A wight comes into view. It is wielding a +0 flail.
You hit the kobold brigand.
The kobold brigand looks as sick as possible!
The kobold brigand is heavily wounded.
The wight hits you but does no damage.
The kobold hits you but does no damage. x2
The kobold barely misses you. The kobold hits you but does no damage.
The kobold brigand hits you but does no damage.
You completely miss the kobold brigand.
The kobold brigand is severely wounded.
The kobold hits you but does no damage. The kobold hits you with a +0 whip.
* * * LOW HITPOINT WARNING * * *
The kobold hits you with a +0 club.
* * * LOW HITPOINT WARNING * * *
The kobold hits you but does no damage. x2
The kobold brigand hits you but does no damage.
The kobold hits you but does no damage. The wight hits you but does no damage.
You closely miss the kobold. Your punch misses the kobold.
Unknown command.
You hit the kobold.
The kobold is poisoned.
The kobold is moderately wounded.
The wight hits you but does no damage.
The kobold hits you but does no damage. x3
The kobold brigand hits you but does no damage.
The kobold hits you but does no damage. x3
You hit the kobold.
You kill the kobold!
Fedhas appreciates your contribution to the ecosystem.
The wight hits you from afar with a +0 spear.
You die...
Fedhas appreciates your contribution to the ecosystem.

#.# .# #.####.# ##
####.##...#
..##...<....#
#...^.......######
#..............
#zz............
#KKK...........
#)♣K...........
#.KK...........
###############


You could see a kobold brigand (extremely poisoned), 2 wights and 5 kobolds.

Vanquished Creatures
  Menkaure (D:5)
  2 black bears
  A phantom (D:7)
  A scorpion (D:5)
  2 howler monkeys
  A jelly (D:5)
  4 hounds (D:5)
  Natasha (twice) (D:3)
  3 iguanas
  An orc wizard (D:6)
  2 gnolls (D:4)
  10 adders
  A shadow imp (D:7)
  A white imp (D:5)
  An ufetubus (D:6)
  3 worms
  5 dart slugs
  4 orcs
  7 ball pythons
  7 bats
  4 endoplasms
  A giant cockroach (D:1)
  10 goblins
  8 hobgoblins
  3 jackals
  A quokka (D:2)
  A frilled lizard (D:3)
  5 kobolds
  6 rats
98 creatures vanquished.

Notes
Turn   | Place    | Note
-------+----------+-------------------------------------------
     0 | D:1      | xian the Demonspawn Hunter began the quest for the Orb.
     0 | D:1      | Reached XP level 1. HP: 16/16 MP: 1/1
    87 | D:1      | Reached skill level 4 in Ranged Weapons
    90 | D:1      | Gained mutation: You are partially covered in razor-sharp
                  | scales. (AC +1, Slay +1) [demonic ancestry]
    90 | D:1      | Reached XP level 2. HP: 22/22 MP: 2/2
   259 | D:1      | You fall into a shaft and drop 1 floor!
   377 | D:2      | Reached XP level 3. HP: 22/27 MP: 3/3
   774 | D:2      | Reached XP level 4. HP: 19/33 MP: 4/4
   973 | D:3      | Reached skill level 5 in Ranged Weapons
  1267 | D:3      | Found a faded altar of an unknown god.
  1510 | D:3      | Noticed Natasha
  1511 | D:3      | Killed Natasha
  1555 | D:3      | Found a blossoming altar of Fedhas.
  1559 | D:3      | Found an ancient bone altar of Kikubaaqudgha.
  1568 | D:3      | Became a worshipper of Fedhas Madash
  1609 | D:3      | Noticed Natasha
  1614 | D:3      | Killed Natasha
  1615 | D:3      | Reached skill level 1 in Armour
  1615 | D:3      | Reached XP level 5. HP: 37/39 MP: 5/5
  1824 | D:4      | Noticed a black bear
  1828 | D:4      | Killed a black bear
  1829 | D:4      | Reached skill level 1 in Stealth
  2055 | D:4      | Reached XP level 6. HP: 30/46 MP: 6/6
  2058 | D:4      | Reached skill level 6 in Ranged Weapons
  2579 | D:5      | Entered Level 5 of the Dungeon
  2654 | D:5      | Noticed Menkaure
  2659 | D:5      | Killed Menkaure
  2991 | D:5      | Gained mutation: You have a small tail. [demonic ancestry]
  2991 | D:5      | Reached XP level 7. HP: 52/52 MP: 7/7
  3197 | D:5      | Reached * piety under Fedhas
  3208 | D:5      | Reached skill level 7 in Ranged Weapons
  3524 | D:5      | Found a shadowy altar of Dithmenos.
  4224 | D:7      | Gained mutation: You regenerate a little health from kills.
                  | [demonic ancestry]
  4224 | D:7      | Reached XP level 8. HP: 24/60 MP: 8/8
  4254 | D:7      | HP: 3/90 [kobold/+0 club (3)]
  4257 | D:7      | Slain by a wight

Illustrated notes

Levels and vault maps discovered:
D:1:      dpeg_arrival_ternary, layout_basic, minmay_small_reverse_x
D:2:      layout_rooms, minmay_split_cup_large
D:3:      kennysheep_big_flooded_room, layout_basic,
          grunt_temple_overflow_growth_and_decay,
          shapermc_ecumenical_altar_mp_vishouse, uniq_natasha
D:4:      layout_layer_cave, minmay_between
D:5:      layout_cave_pods, grunt_dithmenos_smoke_and_mirrors,
          kennysheep_generic_room_16, uniq_menkaure
D:6:      layout_cave_pools, nicolae_elevator_lobby_asterisk
D:7:      layout_rooms, nicolae_ashenzari_skybound,
          minmay_temple_entry_stoned_glass, st_stairs_5

Skill      XL: |  1  2  3  4  5  6  7 |
---------------+----------------------+-----
Ranged Weapons | 4 5 6 7 |  7.7
Dodging        | 2 |  2.4
Armour         | 1 2 3 |  3.5
Stealth        | 1 |  1.3
Fighting       | 3 |  3.7

Action                   |  1- 3 |  4- 6 |  7- 9 || total
-------------------------+-------+-------+-------++-------
Melee: Sling             |       |       |     3 ||     3
       Short sword       |       |       |    23 ||    23
 Fire: Shortbow          |    70 |       |       ||    70
       Sling             |    18 |   106 |    88 ||   212
  Use: Scroll            |     5 |     3 |     1 ||     9
       Potion            |       |       |     4 ||     4
Armor: Ring mail         |    13 |    15 |    54 ||    82
       Skin              |       |       |    74 ||    74
Dodge: Dodged            |    19 |    25 |    77 ||   121
